 Dungeon Sprint DCSS version 0.29.1-13-g9f3cf754e1 (webtiles) character file.

Game seed: 11969475977552683307

1201 LSt the Bludgeoner (level 8, -1/85 HPs)
             Began as a Minotaur Berserker on Feb 10, 2023.
             Was a Priest of Trog.
             Slain by a centaur warrior (4 damage)
             ... in the Dungeon (Sprint I: "Red Sonja").
             The game lasted 00:02:35 (523 turns).

LSt the Bludgeoner (Minotaur Berserker)              Turns: 523, Time: 00:02:36

Health: -1/85      AC:  5    Str: 23    XL:     8   Next: 21%
Magic:  7/7        EV: 11    Int:  4    God:    Trog [***...]
Gold:   297        SH:  0    Dex: 11    Spells: 7/7 levels left

rFire   . . .      SeeInvis .   a - +0 mace
rCold   . . .      Faith    .   (no shield)
rNeg    . . .      Spirit   .   j - +0 ring mail
rPois   .          Reflect  .   (helmet restricted)
rElec   .          Harm     .   (no cloak)
rCorr   .          Rampage  .   (no gloves)
Will    .....      NoTele   +   (no boots)
Stlth   +.........              (no amulet)
HPRegen 0.24/turn               (no ring)
MPRegen 0.10/turn               (no ring)

@: on berserk cooldown, slowed, very slow
A: horns 2, retaliatory headbutt
a: Renounce Religion, Berserk, Trog's Hand


You were in the Dungeon.
You worshipped Trog.
Trog was most pleased with you.
You visited 1 branch You collected 297 gold pieces.

Inventory:

Hand Weapons
 a - a +0 mace (weapon)
 k - a +0 scythe
Armour
 b - a +0 animal skin
 j - a +0 ring mail (worn)
Wands
 i - a wand of charming (7)
Scrolls
 h - a scroll of blinking
Potions
 c - 2 potions of curing
 e - a potion of haste
 f - 2 potions of magic
 g - a potion of berserk rage


   Skills:
 + Level 12.9 Fighting
 * Level 17.6 Maces & Flails
 - Level 2.4 Armour
 - Level 2.1 Dodging


You had 7 spell levels left.
You didn't know any spells.
Your spell library was empty.

Dungeon Overview and Level Annotations

Branches:
Dungeon (1/1)

Altars:
Cheibriados
Dithmenos
Elyvilon
Fedhas
Gozag
Hepliaklqana
Kikubaaqudgha
Makhleb
Nemelex Xobeh
Okawaru
Qazlal
Ru
Sif Muna
Trog
Uskayaw
Vehumet
Wu Jian
Xom
Yredelemnul
Zin
The Shining One
Jiyva
Lugonu

Shops:
D *


Innate Abilities, Weirdness & Mutations

You have a pair of horns on your head.
You reflexively headbutt those who attack you in melee.


Message History

The centaur warrior closely misses you.
You sock the centaur warrior!
The centaur warrior is severely wounded.
The centaur warrior hits you.
* * * LOW HITPOINT WARNING * * *
The centaur warrior kicks you.
* * * LOW HITPOINT WARNING * * *
The centaur warrior hits you but does no damage.
The centaur warrior kicks you but does no damage.
Press: ? - help, v - describe, . - travel, g - get item
Here: a centaur warrior (severely wounded)
Items here: a +0 longbow; a centaur corpse.
An open door, spattered with blood.
You feel much better.
The centaur warrior hits you but does no damage.
The centaur warrior kicks you but does no damage.
The centaur warrior hits you. The centaur warrior kicks you.
You barely miss the centaur warrior.
The centaur warrior is severely wounded.
The centaur warrior hits you!
* * * LOW HITPOINT WARNING * * *
The centaur warrior kicks you but does no damage.
The centaur warrior hits you.
* * * LOW HITPOINT WARNING * * *
The centaur warrior kicks you.
* * * LOW HITPOINT WARNING * * *
You hit the centaur warrior.
You headbutt the centaur warrior, but do no damage.
The centaur warrior is severely wounded.
The centaur warrior hits you but does no damage.
The centaur warrior completely misses you.
You barely miss the centaur warrior.
Your headbutt misses the centaur warrior.
The centaur warrior is severely wounded.
The centaur warrior hits you.
* * * LOW HITPOINT WARNING * * *
The centaur warrior closely misses you. The centaur warrior hits you!
* * * LOW HITPOINT WARNING * * *
The centaur warrior kicks you.
You die...

###################
#<.#..)..#..'..#__#
#..)..#..'[.#..'..+
#..#####'#####'#__# ##
#..####..#...#)####§$#
#..#__####..##@#§~~§.#
#..#_____##'#§§c§~~§.+
#⌠⌠#_.∩...÷..§§#~§~§.#
####_..__##_.#+##+####
#_____###+# #######


You could see a centaur warrior.

Vanquished Creatures
  A centaur warrior (D)
  A slime creature (D)
  Sigmund (D)
  A yak (D)
  An ogre (D)
  A jelly (D)
  Ijyb (D)
7 creatures vanquished.

Notes
Turn   | Place    | Note
-------+----------+-------------------------------------------
     0 | D        | LSt the Minotaur Berserker began the quest for the Orb.
     0 | D        | Reached XP level 1. HP: 19/19 MP: 0/0
     1 | D        | Noticed Ijyb
     5 | D        | Killed Ijyb
     6 | D        | Reached skill level 7 in Maces & Flails
     6 | D        | Reached XP level 2. HP: 26/26 MP: 1/1
    59 | D        | Noticed an ogre
    65 | D        | Killed an ogre
    66 | D        | Reached skill level 9 in Maces & Flails
    66 | D        | Reached XP level 3. HP: 39/39 MP: 2/2
    66 | D        | Reached XP level 4. HP: 47/47 MP: 3/3
   106 | D        | Noticed Sigmund
   112 | D        | Killed Sigmund
   112 | D        | Reached ** piety under Trog
   113 | D        | Reached skill level 12 in Maces & Flails
   113 | D        | Reached XP level 5. HP: 57/57 MP: 4/4
   177 | D        | Found a shimmering blue altar of Sif Muna.
   178 | D        | Found an ornate altar of the Wu Jian Council.
   179 | D        | Found a radiant altar of Vehumet.
   184 | D        | Reached XP level 6. HP: 62/64 MP: 5/5
   203 | D        | Found Isialoovoi's General Store.
   203 | D        | Found an ancient bone altar of Kikubaaqudgha.
   203 | D        | Found a hazy altar of Hepliaklqana.
   203 | D        | Found a hide-covered altar of Uskayaw.
   203 | D        | Found a basalt altar of Yredelemnul.
   203 | D        | Found an opulent altar of Gozag.
   203 | D        | Found a snail-covered altar of Cheibriados.
   203 | D        | Found a sacrificial altar of Ru.
   203 | D        | Found a shadowy altar of Dithmenos.
   203 | D        | Noticed a yak
   208 | D        | Killed a yak
   209 | D        | Reached skill level 10 in Fighting
   209 | D        | Reached skill level 14 in Maces & Flails
   209 | D        | Found a stormy altar of Qazlal.
   209 | D        | Found a blossoming altar of Fedhas.
   209 | D        | Found a bloodstained altar of Trog.
   209 | D        | Found an iron altar of Okawaru.
   209 | D        | Found a glowing golden altar of the Shining One.
   209 | D        | Found a glowing silver altar of Zin.
   209 | D        | Found a white marble altar of Elyvilon.
   210 | D        | Found a sparkling altar of Nemelex Xobeh.
   263 | D        | Found a burning altar of Makhleb.
   263 | D        | Found a viscous altar of Jiyva.
   263 | D        | Found a shimmering altar of Xom.
   263 | D        | Found a corrupted altar of Lugonu.
   263 | D        | Noticed a slime creature
   274 | D        | Killed a slime creature
   274 | D        | Reached *** piety under Trog
   275 | D        | Reached skill level 15 in Maces & Flails
   275 | D        | Reached XP level 7. HP: 27/74 MP: 6/6
   500 | D        | Noticed a centaur warrior
   501 | D        | Noticed a centaur warrior
   511 | D        | Killed a centaur warrior
   512 | D        | Reached skill level 17 in Maces & Flails
   512 | D        | Reached XP level 8. HP: 84/85 MP: 7/7
   523 | D        | HP: 3/85 [centaur warrior (8)]
   523 | D        | Slain by a centaur warrior

Illustrated notes

Levels and vault maps discovered:
D:        dungeon_sprint_1 [red_sonja_temple_1, red_sonja_temple_small_1]

Skill      XL: |  1  2  3  4  5  6  7 |
---------------+----------------------+-----
Maces & Flails | 7 9 12 15 17 | 17.6
Fighting       | 7 9 11 12 | 12.9
Armour         | |  2.4
Dodging        | |  2.1

Action                   |  1- 3 |  4- 6 |  7- 9 || total
-------------------------+-------+-------+-------++-------
Melee: Mace              |     8 |    21 |    12 ||    41
       Headbutt          |       |     4 |     1 ||     5
       Punch             |       |     2 |       ||     2
Invok: Berserk           |     2 |     2 |     1 ||     5
  Use: Potion            |       |       |     1 ||     1
Armor: Ring mail         |       |     3 |    10 ||    13
Dodge: Dodged            |     2 |     4 |    10 ||    16
